 Dungeon Crawl Stone Soup version 0.28.0-53-g5a82cb258f (webtiles) character file.

Game seed: 10927357447901272884

107 Duralumin the Shield-Bearer (level 5, -6/42 HPs)
             Began as a Formicid Fighter on June 12, 2022.
             Mangled by Crazy Yiuf
             ... wielding a +3 quarterstaff of chaos
              (14 damage)
             ... on level 2 of the Dungeon.
             The game lasted 00:04:04 (1990 turns).

Duralumin the Shield-Bearer (Formicid Fighter)      Turns: 1990, Time: 00:04:05

Health: -6/42      AC:  8    Str: 23    XL:     5   Next: 11%
Magic:  5/5        EV:  9    Int:  7    God:
Gold:   81         SH:  0    Dex: 10    Spells: 4/4 levels left

rFire   . . .      SeeInvis +   a - +0 war axe
rCold   . . .      Faith    .   c - +0 buckler
rNeg    . . .      Spirit   .   b - +0 scale mail
rPois   .          Reflect  .   (helmet unavailable)
rElec   .          Harm     .   (no cloak)
rCorr   .          Rampage  .   k - +0 pair of gloves
Will    .....                   (no boots)
Stlth   ..........              (no amulet)
HPRegen 0.14/turn               (no ring)
MPRegen 0.09/turn               (no ring)

@: confused, brilliant, lethally poisoned (-6 -> -9), ambrosia-drunk
A: permanent stasis, dig shafts and tunnels, antennae 3, four strong arms
a: Dig, Shaft Self


You were on level 2 of the Dungeon.
You visited 1 branch of the dungeon, and saw 2 of its levels.

You collected 81 gold pieces.

Inventory:

Hand Weapons
 a - a +0 war axe (weapon)
Missiles
 i - 3 poisoned darts
 m - 28 stones
Armour
 b - a +0 scale mail (worn)
 c - a +0 buckler (worn)
 k - a +0 pair of gloves (worn)
Wands
 d - a wand of digging (3)
Scrolls
 f - a scroll of magic mapping {unknown}
 g - 2 scrolls of teleportation {unknown}
 j - 2 scrolls of identify {unknown}
 l - 3 scrolls of blinking {unknown}
Potions
 h - 2 potions of brilliance


   Skills:
 + Level 4.0 Fighting
 + Level 2.9 Axes
 + Level 4.1 Armour
 + Level 4.6 Shields


You had 4 spell levels left.
You didn't know any spells.
Your spell library was empty.

Dungeon Overview and Level Annotations

Branches:
Dungeon (2/15)

Altars:

Annotations:
D:2 Crazy Yiuf


Innate Abilities, Weirdness & Mutations

You cannot be hasted, slowed, berserked, paralysed or teleported.
You can dig through walls and to a lower floor.
You have a pair of large antennae on your head. (SInv)
Your four strong arms can wield two-handed weapons with a shield.


Message History

You kill the worm!
No target in view!
There is an open door here.
There is an open door here.
There is a stone staircase leading down here.
You see here a +0 rapier.
You see here a +0 mace.
Crazy Yiuf shouts!
You see here a +0 mace.
You see here a +0 mace.
You see here a +0 mace.
You see here a +0 mace.
Could not explore, unopened runed door.
Okay, then.
You open the door.
Crazy Yiuf grits, "Prologue!"
You barely miss Crazy Yiuf.
Crazy Yiuf hits you with a +3 quarterstaff of chaos!
Space warps around you.
Crazy Yiuf hits you with a +3 quarterstaff of chaos.
You are poisoned.
You closely miss Crazy Yiuf.
You feel very sick.
Crazy Yiuf says, "Hah!"
Crazy Yiuf hits you with a +3 quarterstaff of chaos.
Crazy Yiuf freezes you.
It was a potion of brilliance.
You feel clever all of a sudden.
You feel sick.
Crazy Yiuf laughs, "Rot sanguine chair!"
Crazy Yiuf completely misses you.
It was a potion of ambrosia.
You are confused.
You feel invigorated.
You feel sick.
Crazy Yiuf hits you with a +3 quarterstaff of chaos!
* * * LOW HITPOINT WARNING * * *
Okay, then.
You bump into the tree.
You feel sick.
Crazy Yiuf hits you with a +3 quarterstaff of chaos!
You die...

#+..+####.# #....#
#.# ♣....♣ #.#
####### ♣)..♣♣ #)#
#.....### ♣♣)♣♣ #.#
#.......# ♣)♣♣
#.#########
####.......# ♣♣)♣
#.##......##
...........# ♣)♣♣
#...........
....#####..# ♣♣@♣
#.##......## ......#
#..# #g# ####......#
......# #..# )))
######## ......#
#### #)))# ......#
#).)# ......# #####
......# ......###
#########
........####.......#


You could see Crazy Yiuf.

Vanquished Creatures
  Robin (D:2)
  2 adders (D:2)
  2 worms (D:2)
  A dart slug (D:2)
  5 ball pythons
  5 endoplasms
  3 giant cockroaches
  18 goblins
  6 hobgoblins
  4 jackals (D:2)
  4 quokkas
  A bat (D:2)
  4 frilled lizards
  5 kobolds (D:2)
  4 rats
65 creatures vanquished.

Notes
Turn   | Place    | Note
-------+----------+-------------------------------------------
     0 | D:1      | Duralumin the Formicid Fighter began the quest for the Orb.
     0 | D:1      | Reached XP level 1. HP: 18/18 MP: 1/1
   242 | D:1      | Reached XP level 2. HP: 22/24 MP: 2/2
   496 | D:1      | Reached XP level 3. HP: 29/29 MP: 3/3
   817 | D:2      | Noticed Robin
   820 | D:2      | Killed Robin
   823 | D:2      | Reached XP level 4. HP: 29/37 MP: 4/4
  1349 | D:2      | Found a runed translucent door.
  1354 | D:2      | Noticed Crazy Yiuf
  1504 | D:2      | Found a faded altar of an unknown god.
  1587 | D:2      | Reached XP level 5. HP: 32/42 MP: 5/5
  1990 | D:2      | Mangled by Crazy Yiuf

Illustrated notes

Levels and vault maps discovered:
D:1:      tarquinn_simple_flora_water_c, layout_basic
D:2:      layout_basic, chequers_ecumenical_altar_simple_redux,
          minmay_misc_feat_hallway, dk_noncrumbling_3, chequers_arboretum,
          chequers_serial_rivers_micro_d, uniq_crazy_yiuf_cottage, uniq_robin

Skill      XL: |  1  2  3  4 |
---------------+-------------+-----
Shields        | 4 |  4.6
Armour         | 4 |  4.1
Fighting       | 4 |  4.0
Axes           | |  2.9

Action                   |  1- 3 |  4- 6 || total
-------------------------+-------+-------++-------
Melee: War axe           |    77 |    94 ||   171
  Use: Potion            |     1 |     2 ||     3
Armor: Scale mail        |    28 |    52 ||    80
Dodge: Dodged            |    36 |    47 ||    83
Block: Buckler           |    17 |    23 ||    40
